Map: Paladino Terminal LE

Players

DampiL - Winner!

  • Race: Zerg Zerg
  • League: Diamond
  • Spawn Location: 9:00

Musumeci

  • Race: Zerg Zerg
  • League: Diamond
  • Spawn Location: 5:00

VOD

Have the link to the VOD?

Description

Time

  • Played on: Feb. 15, 2017, 7:31 a.m.
  • Length: 6:06
Show
View Real Time Build Order
Export as new Build Order

DampiL Zerg - Winner!

Build Orders: Hatch First, Zergling Baneling 

Get SALT Encoding   

  12  0:01  Drone  
  13  0:13  Overlord  
  13  0:18  Drone  
  14  0:34  Drone x2  
  16  0:38  Drone  
  17  0:56  Hatchery  
  16  0:59  Drone  
  16  1:02  Drone  
  18  1:05  Extractor  
  17  1:18  Spawning Pool  
  16  1:22  Drone  
  16  1:24  Drone  
  18  1:32  Drone  
  19  1:41  Overlord  
  19  2:05  Queen  
  19  2:08  Queen  
  21  2:09  Drone x3  
  26  2:15  Metabolic Boost  
  26  2:18  Drone  
  27  2:24  Zergling x2  
  27  2:25  Zergling x2  
  29  2:32  Spine Crawler  
  29  2:34  Zergling x2  
  29  2:37  Zergling x2  
  30  2:43  Zergling x2  
  32  2:58  Baneling Nest, Zergling x6  
  34  3:05  Zergling x2  
  35  3:09  Zergling x2  
  34  3:30  Zergling x10  
  34  3:31  Zergling x2  
  35  3:37  Zergling x6  
  35  3:48  Queen  
  35  3:54  Zergling x4  
  35  3:58  Baneling  
  35  3:59  Baneling x5  
  34  4:16  Zergling x10  
  34  4:29  Zergling x6  
  35  4:33  Overlord  
  35  4:43  Zergling x2  
  35  4:44  Zergling x2  
  36  4:49  Baneling x3  
  36  4:59  Zergling x10  
  39  5:00  Zergling x4  
  40  5:13  Zergling x6  
  43  5:18  Zergling x4  
  40  5:26  Zergling x2  
  40  5:29  Baneling x2  
  40  5:33  Zergling x4  
  42  5:40  Zergling x2  
  42  5:41  Baneling x3  
  42  5:42  Baneling  
  43  5:46  Drone  
Show
View Real Time Build Order
Export as new Build Order

Musumeci Zerg 

Build Orders: Pool First 

Get SALT Encoding   

  12  0:01  Drone  
  13  0:17  Drone  
  14  0:25  Extractor  
  14  0:26  Drone, Extractor  
  14  0:27  Drone  
  16  0:36  Spawning Pool  
  16  0:42  Extractor  
  14  0:45  Extractor  
  14  0:46  Drone  
  15  1:13  Evolution Chamber  
  14  1:28  Overlord  
  14  1:32  Hatchery  
  13  1:46  Metabolic Boost  
  13  1:53  Queen  
  15  1:59  Zergling x2  
  16  2:11  Baneling Nest  
  15  2:16  Zergling x2  
  16  2:24  Zergling x2  
  17  2:37  Zergling x4  
  19  2:57  Zergling x8  
  22  2:59  Baneling x2  
  22  3:12  Zergling x4  
  21  3:29  Zergling x6  
  21  3:31  Baneling  
  19  3:57  Zergling x4  
  19  3:58  Zergling x6  
  19  3:59  Baneling  
  19  4:00  Baneling  
  24  4:08  Zergling x2  
  20  4:23  Baneling x2  
  16  4:32  Zergling x8  
  19  4:46  Zergling x4  
  20  5:01  Zergling x6  
  20  5:18  Zergling x6  
  18  5:37  Baneling x2  
  18  5:38  Drone x2  
  19  5:45  Zergling x2  
Tags
 
Add a new tag
Caveats
  • Supply blocks, unpowered buildings, or Contaminate may cause inaccurate times.
  • Supply counts are checked every 10 seconds.